 Dungeon Crawl Stone Soup version 0.25.1-2-g60ff931df9 (webtiles) character file.

Game seed: 14589350363963737491

6673 Curus the Bludgeoner (level 10, -2/86 HPs)
             Began as a Minotaur Fighter on Sept 13, 2020.
             Was an Elder of Makhleb.
             Slain by a blink frog (12 damage)
             ... on level 1 of the Lair of Beasts.
             The game lasted 00:51:31 (7604 turns).

Curus the Bludgeoner (Minotaur Fighter)             Turns: 7604, Time: 00:51:31

Health: -2/86      AC: 19    Str: 20    XL:     10   Next: 73%
Magic:  8/8        EV:  4    Int:  7    God:    Makhleb [****..]
Gold:   617        SH:  9    Dex: 12    Spells: 9/9 levels left

rFire    . . .     SeeInvis .   j - +0 morningstar
rCold    . . .     Gourm    .   c - +0 kite shield
rNeg     . . .     Faith    .   i - +2 plate armour
rPois    .         Spirit   .   (helmet restricted)
rElec    .         Reflect  .   h - +0 cloak
rCorr    .         Harm     .   n - +0 pair of gloves
MR       +....     Clarity  +   p - +0 pair of boots
Stlth    ..........             m - amulet of regeneration
HPRegen  0.64/turn              B - ring of stealth
MPRegen  0.11/turn              q - ring of protection from magic

@: mighty
A: retaliatory headbutt, horns 2, clarity, low mp 1
a: Minor Destruction, Lesser Servant of Makhleb, Major Destruction, Renounce
Religion


You were on level 1 of the Lair of Beasts.
You worshipped Makhleb.
Makhleb was greatly pleased with you.
You were hungry.

You visited 2 branches of the dungeon, and saw 10 of its levels.

You collected 617 gold pieces.

Inventory:

Hand Weapons
 a - a +0 flail
 j - a +0 morningstar (weapon)
Armour
 b - a +0 scale mail
 c - a +0 kite shield (worn)
 h - a +0 cloak (worn)
 i - a +2 plate armour (worn)
 n - a +0 pair of gloves (worn)
 p - a +0 pair of boots (worn)
Jewellery
 m - an amulet of regeneration (around neck)
 o - an uncursed ring of positive energy
 q - a ring of protection from magic (right hand)
 v - an uncursed amulet of magic regeneration
 B - a ring of stealth (left hand)
Wands
 g - a wand of flame (34)
 s - a wand of digging (9)
 u - a wand of paralysis (14)
Scrolls
 e - 6 scrolls of identify
 k - 5 scrolls of remove curse
 r - 2 scrolls of amnesia
 w - a scroll of magic mapping
 y - a scroll of fog
 z - a scroll of teleportation
Potions
 d - a potion of might
 l - 2 potions of curing
 t - 2 potions of brilliance
 x - a potion of invisibility
Comestibles
 f - 24 rations
 A - 2 chunks of flesh


   Skills:
 - Level 7.5 Fighting
 - Level 16.1 Maces & Flails
 - Level 7.5 Armour
 + Level 4.1 Shields
 + Level 1.3 Invocations


You had 9 spell levels left.
You didn't know any spells.
Your spell library contained the following spells:

 Spells                   Type           Power        Failure   Level  Hunger
 Beastly Appendage        Tmut           #.....       100%        1    ##.....
 Corona                   Hex            #......      100%        1    ##.....
 Ensorcelled Hibernation  Hex/Ice        #.....       100%        2    ###....
 Sticks to Snakes         Tmut           #.......     100%        2    ###....
 Confusing Touch          Hex            #.......     100%        3    ####...
 Dazzling Flash           Conj/Hex       #.....       100%        3    ####...
 Spider Form              Tmut/Pois      #.........   100%        3    ####...
 Tukima's Dance           Hex            #.......     100%        3    ####...
 Ice Form                 Ice/Tmut       #.......     100%        4    #####..
 Blade Hands              Tmut           #.........   100%        5    ######.


Dungeon Overview and Level Annotations

Branches:
Dungeon (9/15)             Temple (0/1) D:5            Lair (1/6) D:9
    Orc: D:9-12

Altars:
Cheibriados
Dithmenos
Elyvilon
Fedhas
Gozag
Hepliaklqana
Kikubaaqudgha
Makhleb
Qazlal
Ru
Trog
Vehumet
Wu Jian
Zin
The Shining One


Innate Abilities, Weirdness & Mutations

You reflexively headbutt those who attack you in melee.
You have a pair of horns on your head.
You possess an exceptional clarity of mind.
Your magical capacity is low. (-10% MP)


Message History

You block the blink frog's attack.
You completely miss the blink frog.
The blink frog is moderately wounded.
The blink frog hits you!
* * * LOW HITPOINT WARNING * * *
The blink frog blinks!
The blink frog hits you but does no damage.
You feel very mighty all of a sudden. You block the blink frog's attack. x2
Your shield and plate armour prevent you from hitting the blink frog.
The blink frog is moderately wounded.
The blink frog hits you but does no damage.
You closely miss the blink frog. Your headbutt misses the blink frog.
The blink frog is moderately wounded.
The blink frog hits you but does no damage.
You block the blink frog's attack.
You closely miss the blink frog.
The blink frog is moderately wounded.
The blink frog blinks!
The blink frog hits you!
You die...

.........................<.#
..........................##
..........................#
........................^.#
...............#########..#
...............# #..P
...............# ##### #..#
....#.P###.....##....# #...
....... #....FF@F...# ...#..
#....ยง###...# .... #.....#
..# .# #.....P# .# .F.....##
# ...#......# #..#.....P#
... ..F...... .............


You could see 4 blink frogs.

Vanquished Creatures
  A two-headed ogre (D:8)
  Joseph (D:9)
  Psyche (D:8)
  A troll (D:9)
  A queen bee (D:9)
  A blink frog (Lair:1)
  Grinder (D:6)
  4 yaks (D:9)
  A hungry ghost (D:7)
  Edmund (D:6)
  2 orc warriors
  An ice beast (D:7)
  A black bear (D:9)
  2 phantoms (D:7)
  3 ogres
  2 centaurs
  A big kobold (D:8)
  7 bullfrogs
  A wyvern zombie (D:9)
  A scorpion (D:4)
  15 killer bees
  3 howler monkeys
  7 wights (D:6)
  A bullfrog zombie (D:7)
  A crimson imp (D:8)
  4 hounds
  3 jellies
  5 orc priests
  A centaur skeleton (D:9)
  5 orc wizards
  Crazy Yiuf (D:2)
  2 iguanas
  Terence (D:2)
  2 worker ants
  3 hound skeletons
  A worker ant zombie (D:5)
  7 gnolls
  2 howler monkey skeletons
  15 adders
  A shadow imp (D:8)
  2 oozes
  3 adder skeletons (D:8)
  2 worms
  4 dart slugs
  6 leopard geckos
  18 orcs
  2 bat zombies (D:4)
  2 giant cockroaches
  6 goblins
  8 hobgoblins
  7 jackals
  20 kobolds
  4 quokkas
  A ball python (D:4)
  6 bats
  2 frilled lizards (D:2)
  10 rats
  A rat zombie (D:4)
218 creatures vanquished.

Notes
Turn   | Place    | Note
-------+----------+-------------------------------------------
     0 | D:1      | Curus the Minotaur Fighter began the quest for the Orb.
     0 | D:1      | Reached XP level 1. HP: 19/19 MP: 0/0
    31 | D:1      | Gained mutation: Your magical capacity is low. (-10% MP)
                  | [potion of mutation]
    31 | D:1      | Gained mutation: You possess an exceptional clarity of
                  | mind. [potion of mutation]
    99 | D:1      | Reached skill level 3 in Maces & Flails
   130 | D:1      | Reached XP level 2. HP: 26/26 MP: 0/0
   357 | D:1      | Reached skill level 4 in Maces & Flails
   737 | D:1      | Reached XP level 3. HP: 26/31 MP: 1/1
  1247 | D:2      | Found a runed translucent door.
  1248 | D:2      | Noticed Crazy Yiuf
  1371 | D:2      | Reached skill level 5 in Maces & Flails
  1646 | D:2      | Reached XP level 4. HP: 39/39 MP: 2/2
  1654 | D:2      | Found a burning altar of Makhleb.
  1663 | D:2      | Became a worshipper of Makhleb the Destroyer
  1891 | D:2      | Noticed Terence
  1901 | D:2      | Killed Terence
  2053 | D:2      | Killed Crazy Yiuf
  2053 | D:2      | Reached skill level 6 in Maces & Flails
  2373 | D:3      | Reached XP level 5. HP: 45/45 MP: 3/3
  2497 | D:3      | Found an ornate altar of the Wu Jian Council.
  2531 | D:3      | Reached skill level 7 in Maces & Flails
  2754 | D:3      | Reached * piety under Makhleb
  2831 | D:3      | Found a faded altar of an unknown god.
  2896 | D:3      | Reached XP level 6. HP: 48/51 MP: 4/4
  3341 | D:4      | Reached skill level 8 in Maces & Flails
  3523 | D:4      | Found a blossoming altar of Fedhas.
  3641 | D:4      | Found a glowing golden altar of the Shining One.
  3650 | D:4      | Reached skill level 9 in Maces & Flails
  3762 | D:4      | Reached XP level 7. HP: 49/57 MP: 5/5
  3777 | D:4      | Reached ** piety under Makhleb
  3878 | D:4      | Found an ancient bone altar of Kikubaaqudgha.
  3893 | D:5      | Entered Level 5 of the Dungeon
  3926 | D:5      | Found a staircase to the Ecumenical Temple.
  4098 | D:5      | Reached skill level 10 in Maces & Flails
  4536 | D:6      | Reached skill level 11 in Maces & Flails
  4549 | D:6      | Reached XP level 8. HP: 52/64 MP: 6/6
  4615 | D:6      | Noticed Edmund
  4624 | D:6      | Killed Edmund
  4624 | D:6      | Reached skill level 12 in Maces & Flails
  4659 | D:6      | Noticed Grinder
  4668 | D:6      | Found a sacrificial altar of Ru.
  4670 | D:6      | Killed Grinder
  4746 | D:6      | Reached skill level 13 in Maces & Flails
  4996 | D:7      | Reached XP level 9. HP: 66/70 MP: 7/7
  5058 | D:7      | Reached skill level 14 in Maces & Flails
  5257 | D:7      | Found a glowing golden altar of the Shining One.
  5290 | D:7      | Reached *** piety under Makhleb
  5797 | D:8      | Noticed a two-headed ogre
  5806 | D:8      | Killed a two-headed ogre
  5806 | D:8      | Reached skill level 15 in Maces & Flails
  5825 | D:8      | Noticed Psyche
  5827 | D:8      | Found a hazy altar of Hepliaklqana.
  5835 | D:8      | Killed Psyche
  5835 | D:8      | Reached skill level 16 in Maces & Flails
  5952 | D:8      | Reached XP level 10. HP: 32/78 MP: 8/8
  6166 | D:8      | Found an opulent altar of Gozag.
  6305 | D:8      | Found a snail-covered altar of Cheibriados.
  6627 | D:8      | Found a stormy altar of Qazlal.
  6854 | D:9      | Noticed Joseph
  6923 | D:8      | Found a bloodstained altar of Trog.
  6923 | D:8      | Found a shadowy altar of Dithmenos.
  6923 | D:8      | Found a glowing silver altar of Zin.
  7008 | D:9      | Reached skill level 5 in Fighting
  7008 | D:9      | Reached skill level 5 in Armour
  7203 | D:9      | Found a radiant altar of Vehumet.
  7245 | D:9      | Reached **** piety under Makhleb
  7253 | D:9      | Killed Joseph
  7326 | D:9      | Found a white marble altar of Elyvilon.
  7442 | D:9      | Found a staircase to the Lair.
  7457 | Lair:1   | Entered Level 1 of the Lair of Beasts
  7570 | Lair:1   | Reached skill level 1 in Invocations
  7604 | Lair:1   | Slain by a blink frog

Illustrated notes

Levels and vault maps discovered:
D:1:      dpeg_arrival_rooms_with_view, layout_basic, minmay_misc_feat_chi
D:2:      layout_loops_ring, marbit_many_paths, uniq_terence,
          uniq_crazy_yiuf_cottage
D:3:      layout_basic, lemuel_crystal_altar, first_ration,
          chequers_ecumenical_altar_simple
D:4:      layout_rooms, lemuel_zombie_altar_kikubaaqudgha, tso_oasis_becter,
          lemuel_crystal_altar, kennysheep_generic_room_7
D:5:      layout_basic, minmay_temple_entry_stoned_glass
D:6:      layout_rooms, old_standard_altar, uniq_edmund, uniq_grinder
D:7:      layout_basic, nicolae_tso_carved_into_rock
D:8:      layout_loops_ring, nicolae_overflow_crystal_walls,
          kennysheep_mini_moat, nicolae_overflow_hidden_temple, basic_altar,
          uniq_psyche
D:9:      layout_cave_pods, kennysheep_ying_yang, vehumet_altar_wand_db,
          minmay_lair_entry_lava, david_nohive_1, nrook_campfire, uniq_joseph
Lair:1:   layout_regular_city

Skill      XL: |  1  2  3  4  5  6  7  8  9 10 |
---------------+-------------------------------+-----
Maces & Flails | 3 4 5 6 7 9 11 13 16 | 16.1
Fighting       | 7 |  7.5
Armour         | 7 |  7.5
Shields        | 4 |  4.1
Invocations    | 1 |  1.3

Action                   |  1- 3 |  4- 6 |  7- 9 | 10-12 || total
-------------------------+-------+-------+-------+-------++-------
Melee: Flail             |   102 |   222 |     9 |       ||   333
       Headbutt          |    15 |    30 |    54 |    40 ||   139
       Morningstar       |       |       |   291 |   255 ||   546
Evoke: Wand              |       |       |     1 |     1 ||     2
  Use: Scroll            |     5 |     1 |     5 |     2 ||    13
       Potion            |     2 |     2 |     5 |     1 ||    10
  Eat: Chunk             |     2 |     7 |    10 |     5 ||    24
Armor: Scale mail        |    37 |       |       |       ||    37
       Plate armour      |     4 |   108 |   178 |   164 ||   454
Dodge: Dodged            |    25 |    27 |    32 |    35 ||   119
Block: Kite shield       |    44 |    95 |   109 |   126 ||   374
